 Dungeon Crawl Stone Soup version 0.30-a0-591-g3c58d2bc28 (webtiles) character file.

Game seed: 8787576157281564273

5729 wormed the Transmogrifier (level 10, -1/72 HPs)
             Began as an Octopode Transmuter on Jan 4, 2023.
             Was an Initiate of Gozag.
             Slain by an unseen horror (6 damage)
             ... on level 10 of the Dungeon.
             The game lasted 00:20:09 (11656 turns).

wormed the Transmogrifier (Octopode Transmuter)    Turns: 11656, Time: 00:20:09

Health: -1/72      AC: 13    Str: 10    XL:     10   Next: 77%
Magic:  20/22      EV: 10    Int: 19    God:    Gozag
Gold:   22         SH:  0    Dex: 13    Spells: 11/25 levels left

rFire   + . .      SeeInvis .      - Unarmed
rCold   + + +      Faith    .    (shield currently unavailable)
rNeg    . . .      Spirit   .    (helmet currently unavailable)
rPois   +          Reflect  .    j - amulet of regeneration
rElec   +          Harm     .    m - ring of poison resistance
rCorr   +          Rampage  .    d - +4 ring of protection
Will    .....                    r - ring of protection from fire
Stlth   +                        (no ring)
HPRegen 1.12/turn                (no ring)
MPRegen 0.18/turn                (no ring)
                                 (no ring)
                                 (no ring)

@: about to teleport, ice-form, resistant, hasted, very quick
A: freezing attack, boosted hp, almost no armour, amphibious, 8 rings, large,
(camouflage 1), (gelatinous body 1), (nimble swimmer 1), (tentacles)
a: End Transformation, Renounce Religion, Potion Petition, Call Merchant, Bribe
Branch


You were on level 10 of the Dungeon.
You worshipped Gozag.
Gozag was noncommittal.
You were a creature of crystalline ice.
You visited 1 branch of the dungeon, and saw 10 of its levels.

You collected 1165 gold pieces.
You paid 1143 gold pieces to Gozag.

Inventory:

Armour
 y - a +2 hat (melded)
Jewellery
 d - a +4 ring of protection (right front paw)
 j - an amulet of regeneration (around neck)
 m - a ring of poison resistance (left front paw)
 r - a ring of protection from fire (on tentacle)
Wands
 c - a wand of flame (10)
 f - a wand of light (19)
 i - a wand of roots (14) (quivered)
 l - a wand of polymorph (9)
 u - a wand of digging (3)
Scrolls
 s - a scroll of enchant weapon
Potions
 a - 2 potions of lignification
 b - 5 potions of mutation
 g - 3 potions of haste
 h - 2 potions of resistance
 k - a potion of magic
 n - a potion of berserk rage
 o - a potion of invisibility
 q - 3 potions of brilliance {unknown}
 t - a potion of flight {unknown}
 v - a potion of might {unknown}
 x - a potion of attraction {unknown}


   Skills:
 + Level 2.2 Fighting
 + Level 2.9 Dodging
 + Level 3.6 Unarmed Combat
 - Level 8.0 Spellcasting
 + Level 11.6 Transmutations
 - Level 5.0 Ice Magic
 * Level 2.3 Air Magic


You had 11 spell levels left.
You knew the following spells:

 Your Spells              Type           Power      Damage    Failure   Level
a - Ice Form              Ice/Tmut       39%        N/A       3%          4
b - Wereblood             Tmut           51%        N/A       1%          2
c - Beastly Appendage     Tmut           100%       N/A       1%          1
d - Storm Form            Tmut/Air       17%        N/A       99%         7

Your spell library contained the following spells:

 Spells                   Type           Power      Damage    Failure   Level
 Freeze                   Ice            100%       1d10      1%          1
 Spider Form              Tmut/Pois      29%        N/A       2%          3
 Frozen Ramparts          Ice            52%        1d8       3%          3
 Shock                    Conj/Air       48%        1d6       5%          1
 Hailstorm                Conj/Ice       17%        3d6       10%         3
 Swiftness                Air            16%        N/A       11%         3
 Vhi's Electric Charge    Tloc/Air       24%        N/A       17%         3
 Kindle Blastsparks       Fire/Tloc/Air  20%        2d11      21%         3
 Dazzling Flash           Conj/Hex       14%        N/A       26%         3
 Inner Flame              Hex/Fire       7%         N/A       26%         3
 Summon Ice Beast         Ice/Summ       17%        N/A       32%         4
 Airstrike                Air            8%         2d(2-18)  34%         4
 Summon Lightning Spire   Summ/Air       12%        N/A       50%         4
 Flame Wave               Conj/Fire      7%         2d5       65%         4
 Sticky Flame             Conj/Fire      7%         2d3       65%         4
 Lightning Bolt           Conj/Air       6%         1d18      83%         5
 Silence                  Hex/Air        6%         N/A       83%         5
 Agony                    Necr           7%         N/A       94%         5


Dungeon Overview and Level Annotations

Branches:
Dungeon (10/15)            Temple (0/1) D:5            Lair (0/5) D:8
    Orc: D:9-12

Altars:
Cheibriados
Gozag
Nemelex Xobeh
Okawaru
Qazlal
Ru
Sif Muna
The Shining One

Annotations:
D:5 Duvessa
D:6 3 runed translucent doors, PyroL's ghost, novice OpTm
D:10 2 transporters, OTABOTABOTAB's ghost, journeyman GnTm


Innate Abilities, Weirdness & Mutations

You are a creature of crystalline ice.
You have a powerful freezing melee attack.
Your maximum health is increased.
Your armour is entirely melded.
You are incapable of wielding weapons or throwing items.
You cannot wear most types of armour.
You are amphibious.
You can wear up to eight rings at the same time.
((Your skin changes colour to match your surroundings (Stealth+).))
((Your rubbery body absorbs attacks. (AC +1, EV +1)))
((You are camouflaged when in or above water. (Stealth+)))
((You have tentacles for arms and can constrict up to eight enemies at once.))


Message History

* * * LOW HITPOINT WARNING * * *
Something hits you.
* * * LOW HITPOINT WARNING * * *
Something hits you but does no damage.
You closely miss something. Something hits you.
* * * LOW HITPOINT WARNING * * *
[a] - 768 gold - resistance, invisibility, haste and brilliance [b] - 450 gold - curing, magic and brilliance [c] - 400 gold - haste and resistance Purchase which effect?
You don't have enough gold for that! [a] - 768 gold - resistance, invisibility, haste and brilliance [b] - 450 gold - curing, magic and brilliance [c] - 400 gold - haste and resistance Purchase which effect?
You no longer have enough gold to petition Gozag for potion effects.
You feel yourself speed up.
You feel protected. Something hits you but does no damage.
You feel better. Something hits you.
There is an open door here.
Something hits you. Something hits you but does no damage.
You hit something. You freeze something. Something hits you!
* * * LOW HITPOINT WARNING * * *
You punch something! You freeze something.
Something hits you but does no damage.
You hit something but do no damage. Something hits you.
* * * LOW HITPOINT WARNING * * *
There is an open door here.
You punch something! You freeze something. Something hits you!
* * * LOW HITPOINT WARNING * * *
Something hits you but does no damage. Something hits you!
* * * LOW HITPOINT WARNING * * *
Something hits you but does no damage.
As you read the scroll of teleportation, it crumbles to dust.
You feel strangely unstable. Something hits you.
You die...
Your body crumbles into a pile of gold.

.............#.....#...#.# #..#
.............'.....#####.# #..#
.............#.....#...#.###..#
.............#.....#...#......#
.............#.....#...#......#
.............#)....'...#.##...#
.............#.#...#...#.##...#
##########'###.....#####.##...#
)).<............Y.............#
)###.............#..##........#
.# #.............#..........#.#
.# #............)#..........#.#
.# #........................#.#
.###........................#
............................#
..............................
##############################


There were no monsters in sight!

Vanquished Creatures
  Joseph (D:7)
  Psyche (D:9)
  A shadow (D:9)
  7 yaks
  Eustachio (D:5)
  A steam dragon (D:8)
  Edmund (D:5)
  An ice beast (D:7)
  2 orc warriors
  5 black bears
  2 sky beasts
  2 ogres
  5 centaurs
  2 phantoms
  3 kobold brigands
  2 bullfrogs
  2 necrophages
  4 wights (D:8)
  Dowan (D:5)
  10 killer bees
  A jelly (D:7)
  3 hounds
  3 orc priests
  3 gnoll boudas
  Ijyb (D:5)
  7 orc wizards
  13 gnolls
  6 adders
  2 white imps
  3 ufetubi
  2 dart slugs
  34 orcs
  10 ball pythons
  3 endoplasms
  4 giant cockroaches
  12 goblins
  10 hobgoblins
  4 jackals (D:5)
  3 quokkas
  7 bats
  8 frilled lizards
  19 kobolds
  5 rats
217 creatures vanquished.

Vanquished Creatures (others)
  An orc wizard (D:10)
  An orc (D:10)
  16 plants (D:4)
18 creatures vanquished.

Grand Total: 235 creatures vanquished

Notes
Turn   | Place    | Note
-------+----------+-------------------------------------------
     0 | D:1      | wormed the Octopode Transmuter began the quest for the Orb.
     0 | D:1      | Reached XP level 1. HP: 13/13 MP: 3/3
   121 | D:1      | Reached XP level 2. HP: 4/18 MP: 5/5
   125 | D:1      | Learned a level 2 spell: Wereblood
   238 | D:1      | Reached skill level 1 in Ice Magic
   744 | D:1      | Reached XP level 3. HP: 23/23 MP: 3/6
  1367 | D:2      | Got the Almanac of the Flammable Brume
  1697 | D:2      | Found a shimmering blue altar of Sif Muna.
  1734 | D:2      | Reached XP level 4. HP: 28/28 MP: 5/8
  1832 | D:2      | Found a faded altar of an unknown god.
  2104 | D:2      | Reached skill level 3 in Transmutations
  2373 | D:2      | Learned a level 4 spell: Ice Form
  3729 | D:4      | Noticed a necrophage
  3738 | D:4      | Killed a necrophage
  3739 | D:4      | Reached XP level 5. HP: 33/33 MP: 6/9
  3774 | D:4      | Identified the +1 robe of Leedecal {rC+ rCorr Int+4 Slay+2}
  3936 | D:4      | Reached XP level 6. HP: 36/38 MP: 8/11
  4108 | D:4      | Reached skill level 4 in Transmutations
  4419 | D:4      | Noticed a black bear
  4903 | D:5      | Entered Level 5 of the Dungeon
  4903 | D:5      | Noticed Ijyb
  5032 | D:5      | Reached XP level 7. HP: 20/43 MP: 9/13
  5191 | D:5      | Noticed Duvessa
  5280 | D:5      | Found an opulent altar of Gozag.
  5280 | D:5      | Noticed Eustachio
  5299 | D:5      | Killed Eustachio
  5300 | D:5      | Reached skill level 5 in Transmutations
  5353 | D:5      | Became a worshipper of Gozag Ym Sagoz the Greedy
  5512 | D:5      | Noticed Edmund
  5530 | D:5      | Killed Edmund
  5531 | D:5      | Reached skill level 5 in Spellcasting
  5531 | D:5      | Reached XP level 8. HP: 34/44 MP: 10/15
  5603 | D:5      | Found a sparkling altar of Nemelex Xobeh.
  5603 | D:5      | Found a glowing golden altar of the Shining One.
  5611 | D:5      | Found a sacrificial altar of Ru.
  5615 | D:5      | Found a snail-covered altar of Cheibriados.
  5620 | D:5      | Reached skill level 5 in Ice Magic
  5622 | D:5      | Found an iron altar of Okawaru.
  5740 | D:5      | Reached skill level 6 in Transmutations
  5822 | D:5      | Found a staircase to the Ecumenical Temple.
  5869 | D:5      | Killed Ijyb
  5975 | D:5      | Noticed Dowan
  5992 | D:5      | Killed Dowan
  6080 | D:6      | Noticed PyroL's ghost (novice OpTm)
  6563 | D:6      | Reached skill level 7 in Transmutations
  6649 | D:6      | Reached XP level 9. HP: 53/53 MP: 13/18
  6841 | D:6      | Found a runed translucent gate.
  6841 | D:6      | Found a runed translucent gate.
  6841 | D:6      | Found a runed translucent gate.
  6999 | D:7      | Identified the +6 falchion of Futax {flame, Drain Int+5
                  | Dex+5}
  7473 | D:7      | Noticed Joseph
  7898 | D:7      | Reached skill level 8 in Transmutations
  8370 | D:7      | Killed Joseph
  8568 | D:8      | Found a staircase to the Lair.
  8683 | D:8      | Reached skill level 9 in Transmutations
  8908 | D:8      | Reached XP level 10. HP: 58/58 MP: 22/22
  8917 | D:8      | Reached skill level 10 in Transmutations
  9353 | D:8      | Noticed a gargoyle
  9735 | D:9      | Noticed Psyche
  9781 | D:9      | Killed Psyche
  9806 | D:9      | Found a stormy altar of Qazlal.
  9845 | D:9      | Reached skill level 11 in Transmutations
 10622 | D:9      | Learned a level 7 spell: Storm Form
 10640 | D:10     | Entered Level 10 of the Dungeon
 11057 | D:10     | Reached skill level 1 in Air Magic
 11245 | D:10     | Found a transporter.
 11250 | D:10     | Found a transporter.
 11259 | D:10     | Noticed OTABOTABOTAB's ghost (journeyman GnTm)
 11259 | D:10     | Noticed a moth of wrath
 11656 | D:10     | Slain by an unseen horror

Illustrated notes

Levels and vault maps discovered:
D:1:      dpeg_arrival_triangle_fractal, layout_loops_ring
D:2:      minmay_wonky_spiral, layout_rooms, basic_altar,
          shapermc_ecumenical_altar_notcrosses, fountainhead
D:3:      layout_basic, supply_closet_lemuel, amethyst_killhole,
          kennysheep_cross_room
D:4:      layout_loops_corners, roderic_roman_lattice, serial_bayou_lagoon_a
D:5:      layout_loops_cross, nicolae_gozag_seed_capital,
          chequers_temple_overflow_minitemple, minmay_temple_entry_glassed_door,
          uniq_ijyb, uniq_duvessa, uniq_edmund, uniq_eustachio
D:6:      layout_basic, gammafunk_ghost_icy, minmay_misc_feat_doors
D:7:      layout_loops_ring, uniq_joseph
D:8:      layout_cave_pods, lair_entry_dummy
D:9:      layout_layer_cave, nicolae_qazlal_general_emergency, uniq_psyche
D:10:     layout_stronghold, gammafunk_ghost_berserking_beasts,
          lemuel_flame_loot_1

Skill      XL: |  1  2  3  4  5  6  7  8  9 10 |
---------------+-------------------------------+-----
Ice Magic      | 1 2 3 4 5 |  5.0
Transmutations | 3 4 5 7 9 11 | 11.6
Spellcasting   | 3 4 5 6 8 |  8.0
Air Magic      | 2 |  2.3
Fighting       | 2 |  2.2
Dodging        | |  2.9
Unarmed Combat | |  3.6

Action                   |  1- 3 |  4- 6 |  7- 9 | 10-12 || total
-------------------------+-------+-------+-------+-------++-------
Melee: Unarmed           |    98 |   136 |   298 |   176 ||   708
       Kick              |    21 |    38 |       |       ||    59
       Constrict         |    23 |    30 |     1 |       ||    54
       Tentacles         |    11 |    26 |       |       ||    37
       Punch             |     2 |     5 |       |       ||     7
 Cast: Beastly Appendage |    25 |    32 |       |       ||    57
       Wereblood         |    22 |    27 |    10 |     7 ||    66
       Ice Form          |       |     2 |    32 |    16 ||    50
Invok: Potion Petition   |       |       |     1 |     2 ||     3
Evoke: Wand              |       |       |     6 |     1 ||     7
  Use: Scroll            |       |    12 |     8 |     3 ||    23
       Potion            |       |     3 |     3 |     4 ||    10
 Stab: Sleeping          |     3 |     8 |       |       ||    11
       Distracted        |       |       |     1 |     1 ||     2
Armor: Skin              |    15 |    35 |   234 |   163 ||   447
Dodge: Dodged            |    88 |    66 |   158 |   107 ||   419

Table legend: (Time is in decaauts)
 A = Elapsed time spent in this place.
 B = Non-inter-level travel time spent in this place.
 C = Inter-level travel time spent in this place.
 D = Time resting spent in this place.
 E = Time spent auto-exploring this place.
 F = Levels seen in this place.
 G = Mean time per level.
                   A        B        C        D        E       F      G
               +--------+--------+--------+--------+--------+-----+--------+
         Total |  11619 |  11009 |    610 |    806 |   8068 |  10 | 1161.9 |
       Dungeon |  11619 |  11009 |    610 |    806 |   8068 |  10 | 1161.9 |
               +--------+--------+--------+--------+--------+-----+--------+

Top non-repeatable levels by time:
     D:4: 1473 daAuts
     D:3: 1325 daAuts
     D:1: 1299 daAuts
     D:9: 1298 daAuts
     D:7: 1265 daAuts
     D:5: 1110 daAuts
     D:2: 1081 daAuts
     D:6: 975 daAuts
    D:10: 950 daAuts
     D:8: 837 daAuts
